 Dungeon Crawl Stone Soup version 0.22.1-1-ga44c0e5 (webtiles) character file.

174 TrumpIsADick the Stinger (level 5, -4/32 HPs)
             Began as an Octopode Venom Mage on Oct 29, 2018.
             Slain by an orc wizard
             ... wielding a +0 dagger
              (7 damage)
             ... on level 4 of the Dungeon.
             The game lasted 00:07:32 (3964 turns).

TrumpIsADick the Stinger (Octopode Venom Mage)      Turns: 3964, Time: 00:07:33

Health: -4/32      AC:  1    Str:  7    XL:     5   Next: 54%
Magic:  6/9        EV: 14    Int: 21    God:
Gold:   144        SH:  0    Dex: 18    Spells: 2/9 levels left

rFire    . . .     SeeInvis .   e - +0 spear
rCold    . . .     Gourm    .   (no shield)
rNeg     + . .     Faith    .   (helmet restricted)
rPois    .         Spirit   .   (no amulet)
rElec    .         Reflect  .   o - +4 ring of dexterity
rCorr    .         Harm     .   s - ring of positive energy
MR       .....                  t - ring of ice
Stlth    ++........             p - ring of fire
HPRegen  0.10/turn              v - +4 ring of intelligence
MPRegen  0.11/turn              (no ring)
                                (no ring)
                                (no ring)

@: confused, flying
A: almost no armour, stealthy swim, amphibious, 8 rings, constrict 8, camouflage
1, gelatinous body 1
a: no special abilities


You were on level 4 of the Dungeon.
You were hungry.

You visited 1 branch of the dungeon, and saw 4 of its levels.

You collected 144 gold pieces.

Inventory:

Hand Weapons
 e - a +0 spear (weapon)
Armour
 j - a +0 large shield
Jewellery
 o - a +4 ring of dexterity (left tentacle)
 p - a ring of fire (on tentacle)
 s - a ring of positive energy (right tentacle)
 t - a ring of ice (on tentacle)
 v - a +4 ring of intelligence (on tentacle)
Scrolls
 c - 2 scrolls of fear {unknown}
 d - 2 scrolls of remove curse {unknown}
 h - 2 scrolls of identify {unknown}
 i - a scroll of amnesia {unknown}
 l - 2 scrolls of teleportation {unknown}
 n - a scroll of blinking {unknown}
 r - a scroll of enchant weapon {unknown}
Potions
 a - a potion of brilliance {unknown}
 f - a potion of invisibility {unknown}
 g - a potion of agility {unknown}
 k - a potion of flight
 m - a potion of curing {unknown}
 q - a potion of mutation {unknown}
Comestibles
 b - 9 rations
 u - 3 chunks of flesh


   Skills:
 + Level 0.7 Fighting
 + Level 1.5 Polearms
 + Level 2.0 Dodging
 - Level 2.6 Stealth
 + Level 2.7 Spellcasting
 + Level 1.1 Conjurations
 * Level 2.5 Air Magic
 + Level 5.1 Poison Magic


You had 2 spell levels left.
You knew the following spells:

 Your Spells              Type           Power        Failure   Level  Hunger
a - Sting                 Conj/Pois      ###.         3%          1    None
b - Poisonous Vapours     Pois/Air       ###...       4%          2    ##.....
c - Olgreb's Toxic Radia  Pois           ###.....     17%         4    ####...

Your spell library contained the following spells:

 Spells                   Type           Power        Failure   Level  Hunger
 Mephitic Cloud           Conj/Pois/Air  ###.....     12%         3    ###....
 Venom Bolt               Conj/Pois      ###.......   71%         5    ######.


Dungeon Overview and Level Annotations

Branches:
Dungeon (4/15)
 Temple: D:4-7

Altars:
Hepliaklqana
Kikubaaqudgha


Innate Abilities, Weirdness & Mutations

You cannot wear most types of armour.
You are very stealthy in the water. (Stealth+)
You are amphibious.
You can wear up to eight rings at the same time.
You can use your tentacles to constrict eight enemies at once.
Your skin changes colour to match your surroundings (Stealth+).
Your rubbery body absorbs attacks. (AC +1, EV +1)


Message History

You barely miss something.
You hear some strange, mumbled words.
A magic dart appears from out of thin air!
The magic dart hits you! Something hits you.
You hit something but do no damage.
You hear some strange, mumbled words.
A magic dart appears from out of thin air!
The magic dart hits you!
* * * LOW HITPOINT WARNING * * *
You miss something.
You hear some strange, mumbled words.
You are confused.
You completely miss something. Something hits you.
* * * LOW HITPOINT WARNING * * *
You closely miss something. Something hits you but does no damage.
It was a potion of flight.
You feel very buoyant.
You fly up into the air.
Something barely misses you.
You bump into the rock wall.
Something hits you!
You die...

#. #..#
..#..#
#.#.%.
....#
..)# .)#
#{# #@#
####.####
#.......#
#.#.###.#
#.#... #
#.#####
#....#
####.#
#.#


There were no monsters in sight!

Vanquished Creatures
  A hound skeleton (D:3)
  3 gnolls (D:2)
  5 adders
  An ooze (D:2)
  4 worms
  3 dart slugs
  A leopard gecko (D:2)
  6 orcs
  7 bats
  4 goblins (D:3)
  4 hobgoblins
  7 kobolds
  2 quokkas
  A ball python (D:1)
  5 frilled lizards
  14 rats
68 creatures vanquished.

Notes
Turn   | Place    | Note
-------+----------+-------------------------------------------
     0 | D:1      | TrumpIsADick the Octopode Venom Mage began the quest for
                  | the Orb.
     0 | D:1      | Reached XP level 1. HP: 11/11 MP: 3/3
   217 | D:1      | Reached skill level 4 in Poison Magic
   616 | D:1      | Reached XP level 2. HP: 13/17 MP: 1/5
   620 | D:1      | Learned a level 2 spell: Poisonous Vapours
  1307 | D:2      | Reached XP level 3. HP: 21/21 MP: 6/6
  1376 | D:2      | Reached skill level 1 in Air Magic
  2014 | D:2      | Found a hazy altar of Hepliaklqana.
  2454 | D:2      | Reached XP level 4. HP: 27/27 MP: 0/7
  2596 | D:2      | Reached skill level 1 in Polearms
  2743 | D:2      | Reached skill level 5 in Poison Magic
  2766 | D:2      | Learned a level 4 spell: Olgreb's Toxic Radiance
  2984 | D:3      | Reached XP level 5. HP: 32/32 MP: 1/8
  3888 | D:3      | Found an ancient bone altar of Kikubaaqudgha.
  3964 | D:4      | Slain by an orc wizard

Skill      XL: |  1  2  3  4  5 |
---------------+----------------+-----
Poison Magic   | 4 5 |  5.1
Air Magic      | 1 2 |  2.5
Polearms       | 1 |  1.5
Fighting       | |  0.7
Dodging        | |  2.0
Stealth        | |  2.6
Spellcasting   | |  2.7
Conjurations   | |  1.1

Action                   |  1- 3 |  4- 6 || total
-------------------------+-------+-------++-------
Melee: Unarmed           |     4 |       ||     4
       Constrict         |    10 |    14 ||    24
       Tentacles         |    10 |     7 ||    17
       Spear             |    70 |    71 ||   141
 Cast: Sting             |     8 |       ||     8
       Poisonous Vapours |     9 |    20 ||    29
       Olgreb's Toxic Ra |       |     1 ||     1
  Use: Potion            |       |     1 ||     1
 Stab: Sleeping          |    13 |     6 ||    19
       Distracted        |       |     1 ||     1
  Eat: Chunk             |     5 |     6 ||    11
Armor: Skin              |     5 |     4 ||     9
Dodge: Dodged            |    34 |    33 ||    67
